 Dungeon Crawl Stone Soup version 0.30-a0-218-gedb9141078 (webtiles) character file.

Game seed: 16182349334342497761

2960 spaghetti the Slicer (level 9, -1/64 HPs)
             Began as a Mummy Berserker on Oct 5, 2022.
             Was a High Priest of Trog.
             Slain by an orc warrior
             ... wielding a +0 trident
              (11 damage)
             ... on level 8 of the Dungeon.
             The game lasted 00:08:52 (6003 turns).

spaghetti the Slicer (Mummy Berserker)              Turns: 6003, Time: 00:08:53

Health: -1/64      AC: 18    Str: 20    XL:     9   Next: 52%
Magic:  9/9        EV: 15    Int:  6    God:    Trog [*****.]
Gold:   441        SH:  0    Dex: 22    Spells: 8/8 levels left

rFire   . . .      SeeInvis .    B - +0 short sword (venom) {short}
rCold   + . .      Faith    +    (no shield)
rNeg    + + +      Spirit   .    s - +2 ring mail {rF+}
rPois   ∞          Reflect  .    b - +2 helmet
rElec   .          Harm     .    A - +0 cloak
rCorr   .          Rampage  .    i - +0 pair of gloves
Will    +++..                    m - +1 pair of boots
Stlth   +.........               (no amulet)
HPRegen 1.30/turn                k - +6 ring of dexterity
MPRegen 0.11/turn                d - +4 ring of protection

@: strong-willed, regenerating
A: cold resistance 1, negative energy resistance 3, torment resistance 2, heat
vulnerability 1, in touch with death 1, no potions, faith
a: Renounce Religion, Trog's Hand, Brothers in Arms


You were on level 8 of the Dungeon.
You worshipped Trog.
Trog was extremely pleased with you.
You visited 1 branch of the dungeon, and saw 8 of its levels.

You collected 441 gold pieces.


Innate Abilities, Weirdness & Mutations

You are immune to poison.
Your flesh is cold resistant. (rC+)
You are immune to negative energy. (rN+++)
You are immune to unholy pain and torment.
You are vulnerable to heat. (rF-)
You are in touch with the powers of death.
You do not drink.
You have a special connection with the divine. (Faith)


   Skills:
 + Level 3.6 Fighting
 * Level 8.7 Short Blades
 - Level 2.8 Axes
 + Level 2.4 Armour
 * Level 6.4 Dodging


You had 8 spell levels left.
You didn't know any spells.
Your spell library contained the following spells:

 Spells                   Type           Power      Damage    Failure   Level
 Sandblast                Erth           0%         2d4       63%         1
 Slow                     Hex            0%         N/A       63%         1
 Sting                    Tmut/Pois      0%         1d3       63%         1
 Passwall                 Tmut/Erth      0%         N/A       77%         2
 Poisonous Vapours        Pois/Air       0%         N/A       77%         2
 Confusing Touch          Hex            0%         N/A       94%         3
 Hailstorm                Conj/Ice       0%         3d3       94%         3
 Stone Arrow              Conj/Erth      0%         3d7       94%         3
 Vampiric Draining        Necr           0%         2d6       94%         3
 Olgreb's Toxic Radiance  Pois           0%         N/A       100%        4
 Petrify                  Tmut/Erth      0%         N/A       100%        4
 Irradiate                Conj/Tmut      0%         3d11      100%        5
 Simulacrum               Ice/Necr       0%         N/A       100%        6
 Sublimation of Blood     Necr           Unusable   N/A       N/A         2
 Ice Form                 Ice/Tmut       Unusable   N/A       N/A         4

Inventory:

Hand Weapons
 a - a +0 hand axe {axe}
 e - a +3 short sword {short}
   (You took it off a kobold on level 1 of the Dungeon)
 t - a +0 dagger of flaming {short}
   (You took it off a goblin on level 4 of the Dungeon)
 y - a +2 quarterstaff of chaos {staff}
   (You took it off Crazy Yiuf on level 4 of the Dungeon)
 B - a +0 short sword of venom (weapon) {short}
   (You took it off a kobold on level 4 of the Dungeon)
Missiles
 f - 73 stones (quivered) {throwing}
 j - 6 javelins {throwing}
 u - 4 curare-tipped darts {=fthrowing}
 C - 7 poisoned darts {throwing}
 D - a throwing net {=f!fthrowing}
 E - 10 boomerangs {throwing}
Armour
 b - a +2 helmet (worn)
   (You took it off Robin on level 4 of the Dungeon)
 i - a +0 pair of gloves (worn)
   (You found it on level 1 of the Dungeon)
 m - a +1 pair of boots (worn)
   (You found it on level 2 of the Dungeon)
 s - a +2 ring mail of fire resistance (worn)
   (You found it on level 3 of the Dungeon)
 A - a +0 cloak (worn)
   (You took it off Crazy Yiuf on level 4 of the Dungeon)
Magical Staves
 F - a staff of conjuration {forbidden!a@e2staff}
   (You found it on level 7 of the Dungeon)
Jewellery
 d - a +4 ring of protection (right hand)
   (You found it on level 1 of the Dungeon)
 g - a +6 ring of dexterity
   (You found it on level 1 of the Dungeon)
 k - a +6 ring of dexterity (left hand)
   (You found it on level 2 of the Dungeon)
 o - a ring of see invisible
   (You found it on level 3 of the Dungeon)
Wands
 v - a wand of charming (11)
   (You found it on level 4 of the Dungeon)
 w - a wand of acid (7)
   (You found it on level 6 of the Dungeon)
 z - a wand of digging (8)
   (You took it off Crazy Yiuf on level 4 of the Dungeon)
Scrolls
 c - 3 scrolls of magic mapping {!r}
 h - 2 scrolls of enchant weapon
 l - 2 scrolls of fear
 n - 2 scrolls of noise {!r}
 p - a scroll of identify {@r1}
 q - 3 scrolls of amnesia
 r - 3 scrolls of immolation {!r!r}
 x - a scroll of teleportation {@r4}
 G - a scroll of brand weapon

Dungeon Overview and Level Annotations

Branches:
Dungeon (8/15) Zot: 26596  Temple (0/1) D:6
   Lair: D:8-11

Altars:
Fedhas
Hepliaklqana
Makhleb
Nemelex Xobeh
Qazlal
Trog
Uskayaw
Wu Jian
Yredelemnul

Shops:
D:4 (

Annotations:
D:6 2 transporters, HypermagicGuardian's ghost, novice MiFi

..## #.. .######.# #..
(.. ........# #.# ..#
.######## #.# ...# .#
#.# ... .# #.###.#### .#
#########..Ko..... .##
#..........O......
..#####.#####.#.@.....##
........### #.#....####
..........# #.#.####
.....##.#.# #.#..
..#####.#.###.#..
..............#...
..#######.#####.## .##
#.##..#. .# #.##.#


You could see an orc warrior, a kobold brigand (ally target) and a friendly ogre
(summoned, berserk).


Message History

😎 HP[+4]
Your hp is fully restored (64).
A steam dragon is nearby!
The steam dragon breathes steam at you. The ball of steam hits you!
You hear a shout! 😕 HP[-13]
You take 13 damage, and now have 51/64 hp.
MASSIVE DAMAGE!! (PAUSE)
An orc warrior comes into view. It is wielding a +0 trident.
You are engulfed in a cloud of scalding steam.
The orc warrior shouts!
The steam dragon breathes steam at you. The ball of steam misses you.
The orc warrior moves out of view. 😕 HP[+1]
A kobold brigand comes into view.
It is wielding a +0 club and quivering curare-tipped darts.
You are engulfed in a cloud of scalding steam.
The kobold brigand shouts!
The kobold brigand moves out of view. 😮 HP[-11]
You take 11 damage, and now have 41/64 hp.
The orc warrior is engulfed in a cloud of scalding steam.
The orc warrior barely misses you. The steam dragon breathes steam at you.
The ball of steam hits you. 😮 HP[-5]
You take 5 damage, and now have 36/64 hp.
You hit the steam dragon but do no damage.
The steam dragon is poisoned.
You punch the steam dragon.
You are engulfed in a cloud of scalding steam.
* * * LOW HITPOINT WARNING * * *
😨 HP[-7]
You take 7 damage, and now have 29/64 hp.
Your ogre goes berserk!
You are engulfed in a cloud of scalding steam.
The steam dragon bites you!
* * * LOW HITPOINT WARNING * * *
The steam dragon closely misses you.
The orc warrior closely misses you. 😨 HP[-9]
You take 9 damage, and now have 20/64 hp.
Unknown command.
Unknown command.
Unknown command.
Your skin crawls.
You feel strong-willed.
You are engulfed in a cloud of scalding steam.
The steam dragon completely misses you. The steam dragon misses you.
The orc warrior barely misses you.
Your ogre barely misses the steam dragon. 😨 HP[+1] Unknown command.
Unknown command.
Unknown command.
You hit the steam dragon but do no damage.
The steam dragon looks as sick as possible!
The steam dragon closely misses you. The steam dragon barely misses you.
The orc warrior hits you from afar with a +0 trident.
* * * LOW HITPOINT WARNING * * *
😨 HP[-2]
You take 2 damage, and now have 19/64 hp.
Unknown command.
You hit the steam dragon but do no damage.
The steam dragon looks as sick as possible!
Your ogre is engulfed in a cloud of scalding steam.
Your ogre completely misses the steam dragon.
The steam dragon misses you.
The steam dragon claws you but does no damage.
The kobold brigand hits you but does no damage.
The orc warrior hits you but does no damage. 😨 HP[+1]
You puncture the steam dragon!
The steam dragon looks as sick as possible!
You hit the steam dragon.
The steam dragon looks as sick as possible!
Your ogre closely misses the steam dragon.
The orc warrior barely misses you. The steam dragon barely misses you.
The steam dragon misses you.
The kobold brigand hits you but does no damage. 😨 HP[+1]
You puncture the steam dragon!
Your ogre hits the steam dragon with a +0 giant club!!!
The steam dragon dies!
Trog accepts your kill.
The steam dragon scales are intact enough to wear. 😨 HP[+1]
You hit the kobold brigand.
The orc warrior hits you from afar with a +0 trident!
* * * LOW HITPOINT WARNING * * *
The kobold brigand hits you with a +0 club.
* * * LOW HITPOINT WARNING * * *
😱 HP[-14]
You take 14 damage, and now have 8/64 hp.
MASSIVE DAMAGE!! (PAUSE) Unknown command.
The kobold brigand attacks as you move away!
The kobold brigand hits you but does no damage.
The kobold brigand throws a curare-tipped dart.
The curare-tipped dart hits you.
The orc warrior hits you from afar with a +0 trident!
You die...

Skill      XL: |  1  2  3  4  5  6  7  8  9 |
---------------+----------------------------+-----
Short Blades   | 1 2 3 4 5 6 8 |  8.7
Dodging        | 2 3 4 5 6 |  6.4
Armour         | 2 |  2.4
Fighting       | |  3.6
Axes           | |  2.8

Action                   |  1- 3 |  4- 6 |  7- 9 || total
-------------------------+-------+-------+-------++-------
Melee: Hand axe          |    17 |       |       ||    17
       Short sword       |   107 |   241 |   253 ||   601
       Punch             |     1 |     4 |    11 ||    16
       Quarterstaff      |       |       |    31 ||    31
Invok: Trog's Hand       |       |     1 |     1 ||     2
       Brothers in Arms  |       |       |     1 ||     1
  Use: Scroll            |     5 |       |     6 ||    11
 Stab: Sleeping          |     6 |     4 |       ||    10
Armor: Animal skin       |    39 |    28 |       ||    67
       Ring mail         |       |    78 |   113 ||   191
Dodge: Dodged            |    60 |   172 |   176 ||   408

Levels and vault maps discovered:
D:1:      saegor_arrival_fortress, layout_basic, minmay_pentomino_q4
D:2:      layout_loops_ring, dreamdust_ecumenical_altar_grove
D:3:      layout_rooms, mainiacjoe_overflow_alcove_1,
          lemuel_zombie_altar_yredelemnul, minmay_goblin_kobold_house
D:4:      layout_gridville, grunt_temple_overflow_order_and_chaos_2,
          eat_drink_and_be_merry_uskayaw, mainiacjoe_overflow_alcove_2,
          nicolae_tso_besieged_by_evil, trog_hazing_becter,
          grunt_temple_overflow_open, serial_shops, nicolae_shop_statue_plus,
          uniq_robin, uniq_crazy_yiuf_cottage
D:5:      layout_cave_pods, nemelex_dance_club_becter, uniq_pikel
D:6:      layout_loops_ring, kennysheep_mini, temple_pool_b,
          gammafunk_ghost_arena, serial_bayou_pond_c
D:7:      minmay_inner_zag, layout_rooms, uniq_menkaure
D:8:      minmay_recursive_quarters, layout_loops_corners,
          mainiacjoe_overflow_24_doors, minitemple, serial_glass,
          glass_columns_a, glass_columns_c

Notes
Turn   | Place    | Note
-------+----------+-------------------------------------------
     0 | D:1      | spaghetti the Mummy Berserker began the quest for the Orb.
     0 | D:1      | Reached XP level 1. HP: 18/18 MP: 1/1
     0 | D:1      | magus.rc [v1.9.6]
   297 | D:1      | Reached XP level 2. HP: 22/24 MP: 2/2
   373 | D:1      | Reached skill level 1 in Short Blades
   493 | D:1      | Reached ** piety under Trog
   523 | D:1      | Gained mutation: You are in touch with the powers of death.
                  | [Mummy growth]
   523 | D:1      | Reached XP level 3. HP: 29/29 MP: 3/3
   600 | D:1      | You add the spells Sting, Poisonous Vapours and Olgreb's
                  | Toxic Radiance to your library.
   816 | D:2      | Found a faded altar of an unknown god.
   875 | D:2      | Reached skill level 2 in Short Blades
  1389 | D:3      | You pick up a book of Geomancy {forbidden} and begin
                  | reading...
  1389 | D:3      | You add the spells Sandblast, Passwall and Stone Arrow to
                  | your library.
  1439 | D:3      | Reached XP level 4. HP: 35/35 MP: 4/4
  1464 | D:3      | Reached *** piety under Trog
  1472 | D:3      | Reached skill level 2 in Dodging
  1745 | D:3      | You pick up a book of Alchemy {forbidden} and begin
                  | reading...
  1745 | D:3      | You add the spells Petrify and Irradiate to your library.
  1828 | D:3      | Reached skill level 3 in Short Blades
  1939 | D:3      | Reached XP level 5. HP: 41/41 MP: 5/5
  2013 | D:3      | Found a basalt altar of Yredelemnul.
  2111 | D:4      | Found a burning altar of Makhleb.
  2138 | D:4      | Found a hazy altar of Hepliaklqana.
  2153 | D:4      | Noticed a balrug
  2153 | D:4      | Noticed an angel
  2179 | D:4      | Found a blossoming altar of Fedhas.
  2208 | D:4      | Noticed Robin
  2256 | D:4      | Killed Robin
  2262 | D:4      | Reached **** piety under Trog
  2554 | D:4      | Reached skill level 4 in Short Blades
  2554 | D:4      | Reached skill level 3 in Dodging
  2554 | D:4      | Reached XP level 6. HP: 47/47 MP: 6/6
  2577 | D:4      | Found an ornate altar of the Wu Jian Council.
  2767 | D:4      | Found a hide-covered altar of Uskayaw.
  2808 | D:4      | Found Gengiup's Weapon Shop.
  2933 | D:4      | Found a runed translucent door.
  2934 | D:4      | Noticed Crazy Yiuf
  3026 | D:4      | Killed Crazy Yiuf
  3195 | D:4      | Found a bloodstained altar of Trog.
  3339 | D:5      | Entered Level 5 of the Dungeon
  3548 | D:5      | Reached skill level 5 in Short Blades
  3548 | D:5      | Reached XP level 7. HP: 48/52 MP: 7/7
  3564 | D:5      | Found a sparkling altar of Nemelex Xobeh.
  3595 | D:5      | Noticed Pikel
  3635 | D:5      | Killed Pikel
  3636 | D:5      | Reached skill level 6 in Short Blades
  3636 | D:5      | Reached skill level 4 in Dodging
  3636 | D:5      | Reached XP level 8. HP: 42/58 MP: 8/8
  4021 | D:5      | You pick up a book of the Tundra {forbidden} and begin
                  | reading...
  4021 | D:5      | You add the spells Hailstorm and Simulacrum to your
                  | library.
  4267 | D:6      | Found a staircase to the Ecumenical Temple.
  4481 | D:6      | Reached ***** piety under Trog
  4482 | D:6      | Reached skill level 7 in Short Blades
  4504 | D:6      | Reached skill level 5 in Dodging
  4520 | D:6      | Noticed HypermagicGuardian's ghost (novice MiFi)
  4522 | D:6      | Found a transporter.
  4531 | D:6      | Found a transporter.
  4547 | D:6      | You pick up a book of Debilitation {forbidden} and begin
                  | reading...
  4547 | D:6      | You add the spells Slow, Vampiric Draining and Confusing
                  | Touch to your library.
  4616 | D:6      | Found a stormy altar of Qazlal.
  4876 | D:7      | Noticed Menkaure
  4991 | D:7      | Killed Menkaure
  5005 | D:7      | Reached skill level 8 in Short Blades
  5005 | D:7      | Reached XP level 9. HP: 63/63 MP: 9/9
  5625 | D:8      | Reached skill level 6 in Dodging
  5698 | D:8      | Reached skill level 2 in Armour
  6002 | D:8      | HP: 12/64 [orc warrior/+0 trident (10)]
  6003 | D:8      | Slain by an orc warrior

Vanquished Creatures
  Pikel (D:5)
  A steam dragon (D:6)
  Menkaure (D:7)
  2 water moccasins
  A sky beast (D:8)
  A black bear (D:8)
  2 ogres
  3 centaurs
  2 necrophages
  4 bullfrogs
  A scorpion (D:6)
  4 wights (D:7)
  A crimson imp (D:4)
  Crazy Yiuf (D:4)
  4 hounds
  3 jellies
  2 orc priests
  4 orc wizards
  An iguana (D:5)
  Robin (D:4)
  5 adders
  An adder zombie (D:3)
  A worm (D:3)
  3 dart slugs
  15 orcs
  10 endoplasms
  4 giant cockroaches
  16 goblins
  14 hobgoblins
  4 jackals (D:3)
  4 quokkas
  6 ball pythons
  A ball python zombie (D:3)
  8 bats
  2 frilled lizards (D:1)
  A goblin skeleton (D:4)
  3 goblin zombies (D:4)
  6 hobgoblin zombies (D:4)
  9 kobolds
  A kobold skeleton (D:4)
  A kobold zombie (D:4)
  An orc zombie (D:4)
  5 rats
161 creatures vanquished.

Vanquished Creatures (collateral kills)
  A steam dragon (D:8)
1 creature vanquished.

Grand Total: 162 creatures vanquished

Table legend:
 A = Non-vault XP
 B = Vault XP
 C = Vault XP percentage of total XP
 D = Non-vault monster count
 E = Vault monster count
 F = Vault count percentage of total count
                 A         B        C        D         E       F
            +---------+---------+-------+---------+---------+-------
      Total |    2641 |    1588 |  37.6 |     111 |      51 |  31.5
            +---------+---------+-------+---------+---------+-------
        D:1 |      45 |       8 |  15.1 |      27 |       4 |  12.9
        D:2 |      38 |       0 |   0.0 |      16 |       0 |   0.0
        D:3 |      95 |      13 |  12.0 |      14 |       5 |  26.3
        D:4 |     297 |     148 |  33.3 |      18 |      33 |  64.7
        D:5 |     253 |     787 |  75.7 |       7 |       3 |  30.0
        D:6 |     649 |       0 |   0.0 |      10 |       0 |   0.0
        D:7 |     635 |     442 |  41.0 |      13 |       5 |  27.8
        D:8 |     629 |     190 |  23.2 |       6 |       1 |  14.3
            +---------+---------+-------+---------+---------+-------

Illustrated notes

Table legend:
 A = Kills in this place as a percentage of kills in entire the game.
 B = Kills by you in this place as a percentage of kills by you in the entire game.
 C = Kills by friends in this place as a percentage of kills by friends in the entire game.
 D = Other kills in this place as a percentage of other kills in the entire game.
 E = Experience gained in this place as a percentage of experience gained in the entire game.
 F = Experience gained in this place divided by the number of levels of this place that you have seen.
                   A       B       C       D       E      F
               +-------+-------+-------+-------+-------+----------------------
         Total | 100.0 | 100.0 | 100.0 |   N/A | 100.0 | 528.6
       Dungeon | 100.0 | 100.0 | 100.0 |   N/A | 100.0 | 528.6
               +-------+-------+-------+-------+-------+----------------------

Table legend: (Time is in decaauts)
 A = Elapsed time spent in this place.
 B = Non-inter-level travel time spent in this place.
 C = Inter-level travel time spent in this place.
 D = Time resting spent in this place.
 E = Time spent auto-exploring this place.
 F = Levels seen in this place.
 G = Mean time per level.
                   A        B        C        D        E       F      G
               +--------+--------+--------+--------+--------+-----+--------+
         Total |   5872 |   5611 |    261 |    151 |   4355 |   8 |  734.0 |
       Dungeon |   5872 |   5611 |    261 |    151 |   4355 |   8 |  734.0 |
               +--------+--------+--------+--------+--------+-----+--------+

Top non-repeatable levels by time:
     D:4: 1236 daAuts
     D:5: 868 daAuts
     D:1: 801 daAuts
     D:3: 687 daAuts
     D:6: 666 daAuts
     D:7: 640 daAuts
     D:2: 568 daAuts
     D:8: 402 daAuts
